[Event "Titled Tuesday Blitz February 07 Early 2023"]
[White "Paichadze, Luka"]
[Black "Orzech, Dominik"]
[WhiteFideId "13602934"]
[BlackFideId "1115065"]
[WhiteElo "2515"]
[BlackElo "2308"]
[Result "1-0"]
[Round "06"]
[TimeControl "180+2"]
[Date "2023.02.07"]
[WhiteClock "0:00:41"]
[BlackClock "0:00:18"]

1. e4 c6 2. d4 d5 3. e5 c5 4. dxc5 e6 5. a3 Nc6 6. b4 Nxe5 7. Bb2 Nc6 8. Nf3 Nf6 9. Bd3 Be7 10. O-O O-O 11. Re1 a5 12. Qd2 axb4 13. axb4 Rxa1 14. Bxa1 Nb8 15. Qf4 Bd7 16. Be5 Nc6 17. Bc7 Qc8 18. Bb6 d4 19. Nxd4 Nxb4 20. Nf5 Bxc5 21. Nxg7 Nxd3 22. Qxf6 Bxb6 23. Nh5 Bxf2+ 24. Kh1 Bd4 25. Qxd4 e5 26. Qxd3 Bf5 27. Qg3+ Bg6 28. Nf6+ Kg7 29. Qxe5 Kh6 30. h3 Qf5 31. Ng4+ Kg5 32. Qe7+ f6 33. Qxf8 1-0


[Site "https://www.chess.com"]

[Event "Titled Tuesday Blitz February 07 Early 2023"]
[White "Martynov, Pavel"]
[Black "Murzin, Volodar"]
[WhiteFideId "4101260"]
[BlackFideId "44155573"]
[WhiteElo "2414"]
[BlackElo "2604"]
[Result "1/2-1/2"]
[Round "06"]
[TimeControl "180+2"]
[Date "2023.02.07"]
[WhiteClock "0:00:19"]
[BlackClock "0:00:21"]

1. e4 c6 2. d4 d5 3. exd5 cxd5 4. c4 Nf6 5. Nc3 g6 6. cxd5 Bg7 7. Bc4 O-O 8. Nf3 Nbd7 9. d6 exd6 10. O-O Nb6 11. Bb3 Bf5 12. h3 Ne4 13. Nd5 Rc8 14. Re1 Nf6 15. Ne7+ Kh8 16. Nxc8 Qxc8 17. Bf4 Qd7 18. Rc1 Nfd5 19. Bxd5 Nxd5 20. Qd2 Bxh3 21. gxh3 Qf5 22. Bxd6 Qxf3 23. Qe2 Qxe2 24. Rxe2 Rd8 25. Be5 Kg8 26. Rce1 f6 27. Bg3 Kf7 28. Rc2 h5 29. h4 Bf8 30. Kg2 Bb4 31. Ree2 Ba5 32. a3 Bb6 33. Rc4 Rg8 34. Kf3 Rd8 35. b3 Rd7 36. Rc8 Ne7 37. Rh8 Kg7 38. Re8 Nf5 39. Kg2 Rxd4 40. Rb8 Rd7 41. Ree8 Bc5 42. Rg8+ Kf7 43. Rh8 Ke6 44. Rhe8+ Be7 45. Ra8 a6 46. Rg8 Kf7 47. Rh8 Bxa3 48. Rh7+ Ng7 49. Bf4 Bf8 50. Bh6 Kg8 51. Bxg7 Rxg7 52. Rxg7+ Kxg7 53. Ra7 a5 54. Rxb7+ Kg8 55. Kf3 Bb4 56. Ke4 Kf8 57. f4 Be1 58. f5 gxf5+ 59. Kxf5 Bxh4 60. Kg6 Ke8 61. Kxh5 Be1 62. Kg6 Bc3 63. Kf5 Kd8 64. Ke6 Kc8 65. Rb5 Bb4 66. Kxf6 Kc7 67. Ke6 Kc6 68. Rh5 Bc5 69. Rh4 Kb5 70. Rc4 Bb4 71. Rc2 Ba3 72. Kd5 Kb4 73. Rc5 Bb2 74. Rxa5 Kxa5 75. Kc4 Kb6 76. Kd3 Kc7 77. Kc2 Bf6 78. Kd3 Kb6 79. Kc4 Be7 80. b4 Bf8 81. Kb3 Be7 82. Kc2 Kb5 83. Kd3 Bd8 84. Ke4 Bb6 85. Kf5 Bc7 86. Ke6 Bd8 87. Kd5 Bh4 88. Ke4 Be1 89. Kf5 Bc3 90. Ke6 Ba1 91. Kd5 Bb2 92. Ke4 Ba3 93. Kf5 Bxb4 1/2-1/2


[Site "https://www.chess.com"]

[Event "Titled Tuesday Blitz February 07 Early 2023"]
[White "Vaishali, Rameshbabu"]
[Black "Czopor, Maciej"]
[WhiteFideId "5091756"]
[BlackFideId "21805431"]
[WhiteElo "2418"]
[BlackElo "2385"]
[Result "1-0"]
[Round "06"]
[TimeControl "180+2"]
[Date "2023.02.07"]
[WhiteClock "0:01:43"]
[BlackClock "0:01:23"]

1. d4 g6 2. c4 d6 3. Nc3 Nd7 4. Nf3 Bg7 5. e4 e5 6. Be2 Ne7 7. Be3 O-O 8. Qd2 f5 9. exf5 Nxf5 10. Bg5 Qe8 11. Nd5 exd4 12. Nxc7 Qe4 13. Nxa8 Nc5 14. O-O d3 15. Bd1 Qc6 16. Rb1 Bd7 17. b4 Ne4 18. Qxd3 Nxg5 19. Nxg5 Rxa8 20. Bf3 Qc7 21. Qd5+ 1-0


[Site "https://www.chess.com"]

[Event "Titled Tuesday Blitz February 07 Early 2023"]
[White "Nguyen, Quoc Hy"]
[Black "Antonios, Johnny"]
[WhiteFideId "12410853"]
[BlackFideId "5300843"]
[WhiteElo "2352"]
[BlackElo "2269"]
[Result "1-0"]
[Round "06"]
[TimeControl "180+2"]
[Date "2023.02.07"]
[WhiteClock "0:00:41"]
[BlackClock "0:00:32"]

1. d4 Nf6 2. c4 e6 3. Nc3 Bb4 4. e3 O-O 5. Bd3 d5 6. Nf3 c5 7. O-O dxc4 8. Bxc4 b6 9. Qe2 Bb7 10. Rd1 Nbd7 11. a3 Bxc3 12. bxc3 Ne4 13. Bb2 Ng5 14. Ne1 Qf6 15. Bd3 e5 16. dxe5 Nxe5 17. f4 Nxd3 18. fxg5 Qxg5 19. Nxd3 Rae8 20. Re1 Ba6 21. Rad1 Re6 22. Qf2 Rfe8 23. Nf4 Re5 24. c4 Rf5 25. Rd5 Bxc4 26. e4 Bxd5 27. exf5 Rxe1+ 28. Qxe1 h6 29. Nxd5 Qxf5 30. Ne7+ 1-0


[Site "https://www.chess.com"]

[Event "Titled Tuesday Blitz February 07 Early 2023"]
[White "Moksh Amit Doshi"]
[Black "Fedoseev, Vladimir"]
[WhiteFideId "25064967"]
[BlackFideId "24130737"]
[WhiteElo "2401"]
[BlackElo "2680"]
[Result "1-0"]
[Round "06"]
[TimeControl "180+2"]
[Date "2023.02.07"]
[WhiteClock "0:02:21"]
[BlackClock "0:00:58"]

1. d4 Nf6 2. Nf3 e6 3. Bf4 Bd6 4. Bg3 Ne4 5. Bh4 g5 6. Bg3 g4 7. Bxd6 cxd6 8. Nfd2 Nxd2 9. Nxd2 d5 10. e4 dxe4 11. Qxg4 d5 12. Qg7 Ke7 13. Qg5+ Kd7 14. Qf4 Qe7 15. f3 1-0


[Site "https://www.chess.com"]

[Event "Titled Tuesday Blitz February 07 Early 2023"]
[White "Shimanov, Aleksandr"]
[Black "Olenik Campa, Rudi"]
[WhiteFideId "4198603"]
[BlackFideId "14633264"]
[WhiteElo "2581"]
[BlackElo "2356"]
[Result "1-0"]
[Round "06"]
[TimeControl "180+2"]
[Date "2023.02.07"]
[WhiteClock "0:00:28"]
[BlackClock "0:00:02"]

1. d4 Nf6 2. Nc3 d5 3. Bf4 e6 4. Nb5 Na6 5. e3 c6 6. Nc3 Nb8 7. Nf3 Bd6 8. Bd3 O-O 9. O-O a6 10. Qe2 Qc7 11. Bg3 Bxg3 12. hxg3 c5 13. dxc5 Qxc5 14. e4 dxe4 15. Nxe4 Nxe4 16. Qxe4 g6 17. Qh4 Kg7 18. g4 h6 19. g5 hxg5 20. Nxg5 Rh8 21. Qf4 Qe7 22. Rfe1 Qf6 23. Qxf6+ Kxf6 24. Ne4+ Ke7 25. Nc3 Kf6 26. a4 Bd7 27. a5 Bc6 28. Be4 Rh5 29. b4 Rh4 30. Rad1 Kg7 31. Rd8 Rh8 32. Rxh8 Kxh8 33. Rd1 Bxe4 34. Nxe4 Nc6 35. Nd6 Kg7 36. c3 Rd8 37. Kf1 Kf8 38. Ke1 Rd7 39. Ne4 Rxd1+ 40. Kxd1 Nd8 41. Kd2 Ke7 42. Kd3 f5 43. Nc5 e5 44. c4 Kd6 45. Kc3 Kc6 46. Nd3 Kd6 47. b5 e4 48. Nf4 g5 49. Nh3 Ne6 50. Kb4 Ke5 51. c5 axb5 52. Kxb5 f4 53. Kb6 e3 54. fxe3 fxe3 55. Ng1 Kd4 56. c6 bxc6 57. a6 Nc5 58. a7 Nd7+ 59. Kc7 Ne5 60. a8=Q Nf7 1-0


[Site "https://www.chess.com"]

[Event "Titled Tuesday Blitz February 07 Early 2023"]
[White "Ibarra Jerez, Jose Carlos"]
[Black "Ladan, Nicholas"]
[WhiteFideId "2226332"]
[BlackFideId "30918855"]
[WhiteElo "2563"]
[BlackElo "2228"]
[Result "0-1"]
[Round "06"]
[TimeControl "180+2"]
[Date "2023.02.07"]
[WhiteClock "0:00:36"]
[BlackClock "0:00:06"]

1. e4 e5 2. Nf3 Nc6 3. Bb5 a6 4. Bxc6 dxc6 5. O-O Qf6 6. d4 exd4 7. Bg5 Qd6 8. Nxd4 Be7 9. Be3 Bd7 10. Nd2 c5 11. N4b3 b6 12. Qe2 Bb5 13. c4 Bc6 14. f4 O-O-O 15. Qg4+ Qd7 16. Qe2 Nf6 17. e5 Ng4 18. Rae1 Bh4 19. g3 Be7 20. Nf3 Nxe3 21. Qxe3 h5 22. e6 fxe6 23. Ne5 Qe8 24. Nc1 Bf6 25. Ncd3 Bb7 26. b4 h4 27. g4 cxb4 28. c5 Qb5 29. Rc1 Kb8 30. g5 Bxe5 31. Nxe5 Rd5 32. c6 Bc8 33. Nf7 Rf8 34. g6 a5 35. Rfe1 Qd3 36. Qf2 Qxg6+ 37. Kh1 Qxf7 38. Rf1 Rf5 39. Qe3 Rxf4 40. Rg1 Rf2 41. Qe5 Qf3+ 0-1


[Site "https://www.chess.com"]

[Event "Titled Tuesday Blitz February 07 Early 2023"]
[White "Poliakova, Varvara"]
[Black "Kozak, Adam"]
[WhiteFideId "13518313"]
[BlackFideId "753246"]
[WhiteElo "2010"]
[BlackElo "2572"]
[Result "0-1"]
[Round "06"]
[TimeControl "180+2"]
[Date "2023.02.07"]
[WhiteClock "0:00:44"]
[BlackClock "0:00:08"]

1. e4 e5 2. Nf3 Nc6 3. Bc4 Bc5 4. d3 Nf6 5. c3 a5 6. a4 d6 7. Bb3 h6 8. Nbd2 Qe7 9. Nf1 Bg4 10. Ng3 O-O-O 11. Be3 Bxe3 12. fxe3 d5 13. exd5 Nxd5 14. Qe2 f5 15. O-O e4 16. Bxd5 Rxd5 17. dxe4 fxe4 18. Qc4 Rdd8 19. Qxe4 Qxe4 20. Nxe4 Rhe8 21. Nfd2 Bh5 22. Rf4 Ne5 23. Raf1 Nd3 24. Rh4 Bg6 25. Rg4 Ne5 26. Rgf4 Bh7 27. b4 Nd3 28. Rg4 g5 29. Nf6 Ne5 30. Rd4 Re7 31. Rxd8+ Kxd8 32. Nxh7 Rxh7 33. bxa5 Nc6 34. a6 bxa6 35. Ne4 Re7 36. Rf8+ Kd7 37. Nf6+ Kd6 38. e4 Re6 39. Ng4 Rxe4 40. Nxh6 Rxa4 41. Ra8 a5 42. Nf7+ Kc5 43. Nxg5 Rc4 44. h4 Rxh4 45. Kf2 Rc4 46. Nf3 Rxc3 47. g4 Kb6 48. g5 Kb7 49. Re8 a4 50. g6 a3 51. g7 a2 52. Re1 Ne7 53. Ra1 Ra3 54. Nd4 Ra8 55. Ne2 Rg8 56. Rxa2 Rxg7 57. Rb2+ Kc8 58. Ke3 Nd5+ 59. Kd4 Rd7 60. Kc5 Ne7 61. Nc3 Rd6 62. Rh2 Rc6+ 63. Kb4 Rb6+ 64. Kc5 Rc6+ 65. Kb5 Rxc3 66. Rh8+ Kd7 67. Rh5 Rc6 68. Rh8 Rd6 69. Rh2 Rb6+ 70. Kc5 Re6 71. Rd2+ Rd6 72. Rh2 Rd5+ 73. Kc4 c6 74. Rh7 Re5 75. Rh6 Re6 76. Rh7 Kd6 77. Rh8 Re4+ 78. Kd3 Rf4 79. Rh6+ Kc5 80. Rh5+ Nd5 0-1


[Site "https://www.chess.com"]

[Event "Titled Tuesday Blitz February 07 Early 2023"]
[White "Harsh Suresh"]
[Black "Ordekalog"]
[WhiteFideId "45018464"]
[WhiteElo "2298"]
[BlackElo "2555"]
[Result "1-0"]
[Round "06"]
[TimeControl "180+2"]
[Date "2023.02.07"]
[WhiteClock "0:00:06"]
[BlackClock "0:00:03"]

1. d4 d5 2. Nf3 c5 3. c3 Nc6 4. g3 Bg4 5. Bg2 Nf6 6. O-O Bxf3 7. Bxf3 e5 8. dxe5 Nxe5 9. Bg2 Be7 10. Bf4 Nc6 11. Nd2 O-O 12. e4 d4 13. Nc4 Qd7 14. Qb3 Rad8 15. Rad1 Qc8 16. e5 Nh5 17. Bc1 g6 18. Bh6 Ng7 19. e6 fxe6 20. Rfe1 Bf6 21. Bh3 Rfe8 22. Bf4 Nf5 23. Bxf5 gxf5 24. Nd6 Rxd6 25. Bxd6 Na5 26. Qb5 b6 27. Be5 Bxe5 28. Rxe5 Nc6 29. Re2 e5 30. b4 e4 31. bxc5 d3 32. Rb2 Ne5 33. cxb6 axb6 34. Qd5+ Qe6 35. Qxe6+ Rxe6 36. Rdb1 Nc4 37. Rb4 Rc6 38. a4 Kf7 39. Kg2 Ke6 40. Rb5 d2 41. Rd1 Rd6 42. Kf1 h5 43. Rb4 h4 44. Rxc4 hxg3 45. hxg3 Ke5 46. Ke2 Rh6 47. Rxd2 1-0


[Site "https://www.chess.com"]

[Event "Titled Tuesday Blitz February 07 Early 2023"]
[White "Alinasab, Mobina"]
[Black "Harsha Bharathakoti"]
[WhiteFideId "12528897"]
[BlackFideId "5078776"]
[WhiteElo "2347"]
[BlackElo "2602"]
[Result "0-1"]
[Round "06"]
[TimeControl "180+2"]
[Date "2023.02.07"]
[WhiteClock "0:00:01"]
[BlackClock "0:00:33"]

1. e4 g6 2. d4 Bg7 3. Nc3 d6 4. Be3 a6 5. a4 Nf6 6. f3 Nc6 7. Qd2 e5 8. Nge2 exd4 9. Nxd4 O-O 10. Nxc6 bxc6 11. Bc4 Re8 12. O-O d5 13. exd5 cxd5 14. Nxd5 Rxe3 15. Qxe3 Nxd5 16. Bxd5 Qxd5 17. Rad1 Qe6 18. Rd8+ Bf8 19. Qc5 Qd6 20. Rxd6 Bxd6 21. Qc6 Rb8 22. Qe8+ Kg7 23. b3 Ra8 24. Qc6 Rb8 25. Re1 Bb7 26. Qc3+ Kg8 27. Qf6 a5 28. Qd4 Bc6 29. Qd3 Bd7 30. c4 Bf5 31. Qe2 Rxb3 32. Qd1 Rb4 33. Re8+ Kg7 34. Qd4+ f6 35. Qd5 Rb1+ 36. Kf2 Rb2+ 37. Kf1 Bxh2 38. Re7+ Kh6 39. Qf7 Bg3 0-1


[Site "https://www.chess.com"]

[Event "Titled Tuesday Blitz February 07 Early 2023"]
[White "Hirneise, Jens"]
[Black "Vakhlamov, Igor L."]
[WhiteFideId "24614734"]
[BlackFideId "24126748"]
[WhiteElo "2277"]
[BlackElo "2413"]
[Result "0-1"]
[Round "06"]
[TimeControl "180+2"]
[Date "2023.02.07"]
[WhiteClock "0:00:34"]
[BlackClock "0:00:51"]

1. Nf3 Nf6 2. c3 d5 3. d4 Bf5 4. Bf4 e6 5. Nbd2 Bd6 6. e3 O-O 7. Be2 c5 8. Bg3 Nc6 9. Ne5 Bxe5 10. dxe5 Nd7 11. f4 c4 12. Nf3 Nc5 13. O-O Nd3 14. Qd2 b5 15. Nd4 Nxd4 16. exd4 a5 17. Rfd1 b4 18. Bxd3 Bxd3 19. cxb4 axb4 20. Qxb4 Ra6 21. a4 Qa8 22. a5 Rb8 23. Qd2 Be4 24. Be1 Rb3 25. Ra3 c3 26. Qf2 Rxb2 27. Qe3 Rxg2+ 28. Kf1 Rxa5 29. Rxc3 Qa6+ 30. Rdd3 Raa2 0-1


[Site "https://www.chess.com"]

[Event "Titled Tuesday Blitz February 07 Early 2023"]
[White "Kosakowski, Jakub"]
[Black "Ozates, Tuna"]
[WhiteFideId "1185080"]
[BlackFideId "6354521"]
[WhiteElo "2485"]
[BlackElo "2251"]
[Result "1-0"]
[Round "06"]
[TimeControl "180+2"]
[Date "2023.02.07"]
[WhiteClock "0:02:02"]
[BlackClock "0:02:12"]

1. e4 c5 2. Nf3 Nc6 3. Bb5 g6 4. O-O Bg7 5. Re1 e5 6. c3 Nge7 7. d4 exd4 8. cxd4 cxd4 9. Bf4 d5 10. exd5 Qxd5 11. Nc3 Qf5 12. Nxd4 Bxd4 13. Bxc6+ bxc6 14. Qxd4 O-O 15. Rxe7 Be6 16. Bh6 1-0


[Site "https://www.chess.com"]

[Event "Titled Tuesday Blitz February 07 Early 2023"]
[White "Reprintsev, Alexander"]
[Black "Rakhmatullaev, Almas"]
[WhiteFideId "14100541"]
[BlackFideId "14205793"]
[WhiteElo "2253"]
[BlackElo "2275"]
[Result "0-1"]
[Round "06"]
[TimeControl "180+2"]
[Date "2023.02.07"]
[WhiteClock "0:00:15"]
[BlackClock "0:00:10"]

1. e4 e5 2. Nf3 Nf6 3. Bc4 Nc6 4. Ng5 d5 5. exd5 Na5 6. Bb5+ c6 7. dxc6 bxc6 8. Bd3 Nd5 9. h4 Nf4 10. Be4 f5 11. g3 h6 12. gxf4 hxg5 13. hxg5 Rxh1+ 14. Bxh1 exf4 15. Qh5+ Kd7 16. d3 Bd6 17. Nd2 Qe7+ 18. Kd1 Bb7 19. c3 Re8 20. Kc2 Qe2 21. Bf3 Qxf2 22. b4 Ba6 23. bxa5 Re3 24. c4 Re1 25. Qf7+ Kd8 26. Qg8+ Kc7 27. Qxg7+ Re7 28. Qc3 Be5 29. Qa3 Rd7 30. Rb1 Qe3 31. Qb3 Kd8 32. Bxc6 Rc7 33. Bd5 Qd4 34. Bb2 Qxd5 35. Bxe5 Qxe5 36. Rh1 Bb7 37. Rh6 f3 38. Nxf3 Bxf3 39. Qb8+ Kd7 40. Rh7+ Kc6 41. Rxc7+ Qxc7 42. Qa8+ Qb7 43. Qxb7+ Kxb7 44. g6 Bh5 45. g7 Bf7 46. d4 Bxc4 47. Kc3 Bxa2 48. d5 Bxd5 49. Kd4 Bg8 50. Ke5 Ka6 51. Kxf5 Kxa5 52. Ke4 Kb4 53. Kd3 Kb3 54. Kd2 Kb2 55. Kd3 a5 56. Kd4 a4 0-1


[Site "https://www.chess.com"]

[Event "Titled Tuesday Blitz February 07 Early 2023"]
[White "Golubev, Mikhail"]
[Black "Maximov, Dmitry"]
[WhiteFideId "14100983"]
[BlackFideId "14105659"]
[WhiteElo "2461"]
[BlackElo "2497"]
[Result "0-1"]
[Round "06"]
[TimeControl "180+2"]
[Date "2023.02.07"]
[WhiteClock "0:00:03"]
[BlackClock "0:00:13"]

1. e4 c5 2. Nf3 d6 3. d4 cxd4 4. Nxd4 Nf6 5. Nc3 a6 6. Bc4 Nbd7 7. O-O Qc7 8. Bb3 Nc5 9. Nd5 Nxd5 10. exd5 g6 11. Re1 h6 12. c4 Bg7 13. Bc2 O-O 14. Bf4 Nd7 15. Rxe7 Qxc4 16. Ne6 fxe6 17. dxe6 Qxf4 18. exd7 Qxf2+ 19. Kh1 Bxd7 20. Rxd7 Rae8 21. Bb3+ Kh8 22. Qg1 Qxb2 23. Rd1 Re2 24. Rxb7 Qe5 25. Bc4 Ref2 26. Bxa6 h5 27. h3 Qg3 28. Rb3 Qg5 29. Bb7 Be5 30. Rf3 R8xf3 31. Bxf3 Rxa2 32. Qe1 Qf4 33. Qg1 Kg7 34. Re1 Rf2 35. Re4 Qg3 36. Ra4 Rf1 0-1


[Site "https://www.chess.com"]

[Event "Titled Tuesday Blitz February 07 Early 2023"]
[White "Belov, Alexei"]
[Black "Fernandez Guillen, Ernesto J."]
[WhiteFideId "4128206"]
[BlackFideId "3512428"]
[WhiteElo "2421"]
[BlackElo "2477"]
[Result "0-1"]
[Round "06"]
[TimeControl "180+2"]
[Date "2023.02.07"]
[WhiteClock "0:01:12"]
[BlackClock "0:00:19"]

1. e4 e5 2. Nf3 Nc6 3. Bb5 f5 4. Nc3 fxe4 5. Nxe4 d5 6. Nxe5 dxe4 7. Nxc6 Qg5 8. Qe2 Nf6 9. Ne5+ c6 10. f4 Qxf4 11. d4 Qh4+ 12. g3 Qh3 13. Bc4 Be6 14. Bg5 O-O-O 15. O-O-O Bd6 16. Bxe6+ Qxe6 17. Qc4 Rhe8 18. Qxe6+ Rxe6 19. Nc4 Be7 20. Rhe1 Rd5 21. Bxf6 gxf6 22. c3 Rh5 23. Re2 f5 24. Rf1 Reh6 25. Rff2 Kd7 26. Ne5+ Ke6 27. g4 Rg5 28. gxf5+ Rxf5 29. Rxf5 Kxf5 30. Rf2+ Ke6 31. Kd2 Rh3 32. c4 e3+ 0-1


[Site "https://www.chess.com"]

[Event "Titled Tuesday Blitz February 07 Early 2023"]
[White "Morefield, Jason"]
[Black "Decuigniere, Tom"]
[WhiteFideId "30920825"]
[BlackFideId "26093820"]
[WhiteElo "2167"]
[BlackElo "2382"]
[Result "1-0"]
[Round "06"]
[TimeControl "180+2"]
[Date "2023.02.07"]
[WhiteClock "0:00:03"]
[BlackClock "0:00:03"]

1. e4 c5 2. Nf3 g6 3. c3 Nf6 4. e5 Nd5 5. d4 cxd4 6. Qxd4 Nc7 7. Bc4 Nc6 8. Qe4 d5 9. exd6 Qxd6 10. Bf4 Qd8 11. Ne5 Ne6 12. Nxc6 bxc6 13. Qxc6+ Bd7 14. Qd5 Bg7 15. Be5 O-O 16. Bxg7 Nxg7 17. O-O Qc7 18. Na3 Bc6 19. Qc5 Qb7 20. f3 Rac8 21. Qf2 Nf5 22. Bd3 Nd6 23. b4 Bd5 24. Rfc1 Rfd8 25. Bf1 Be6 26. Rab1 Nc4 27. Bxc4 Bxc4 28. Nxc4 Rxc4 29. Qe3 Rdc8 30. Rb3 e6 31. Rd1 a6 32. a4 a5 33. b5 Rxa4 34. h3 Rac4 35. b6 a4 36. Ra3 R4c6 37. Rb1 Qa6 38. Rb4 Rb8 39. Raxa4 Qb7 40. Ra7 Qc8 41. Qf4 Qf8 42. Rc7 Rcxb6 43. Rxb6 Rxb6 44. c4 Rb8 45. c5 Rd8 46. Kh2 Kg7 47. Qe5+ Kg8 48. Qf6 Rc8 49. Qe5 Rxc7 50. Qxc7 Kg7 51. c6 Qc5 52. f4 e5 53. Qxe5+ 1-0


[Site "https://www.chess.com"]

[Event "Titled Tuesday Blitz February 07 Early 2023"]
[White "Aradhya, Garg"]
[Black "Ilkhomi, Jaloliddin"]
[WhiteFideId "25006746"]
[BlackFideId "14700948"]
[WhiteElo "2284"]
[BlackElo "1997"]
[Result "1-0"]
[Round "06"]
[TimeControl "180+2"]
[Date "2023.02.07"]
[WhiteClock "0:01:40"]
[BlackClock "0:00:09"]

1. d4 Nf6 2. c4 e6 3. Nc3 Bb4 4. e3 b6 5. Bd3 Bb7 6. Nf3 d6 7. O-O Nbd7 8. Bd2 O-O 9. Rc1 Bxc3 10. Bxc3 Ne4 11. Be1 f5 12. Nd2 Nxd2 13. Bxd2 Qh4 14. f3 Rae8 15. Qe1 Qf6 16. b4 c5 17. Bc3 Qg6 18. dxc5 bxc5 19. b5 d5 20. Qg3 Qxg3 21. hxg3 Nb6 22. Be5 Rc8 23. Rf2 dxc4 24. Bxc4 Nxc4 25. Rxc4 Bd5 26. Ra4 Rf7 27. e4 Ba8 28. exf5 exf5 29. Rc2 Rd7 30. Rac4 Bd5 31. Rd2 Kf7 32. Ra4 c4 33. Bc3 Rcd8 34. Ra5 Be6 35. Rxa7 Rxa7 36. Rxd8 Rxa2 37. b6 Ke7 38. b7 Kxd8 39. b8=Q+ Ke7 40. Qc7+ Bd7 41. Bb4+ Ke8 42. Qe5+ Kd8 43. Qb8+ Bc8 44. Qb6+ Kd7 45. Qd6+ Ke8 46. Qe7# 1-0


[Site "https://www.chess.com"]

[Event "Titled Tuesday Blitz February 07 Early 2023"]
[White "Tan, Zhongyi"]
[Black "Kumala, Aleksander"]
[WhiteFideId "8603642"]
[BlackFideId "1141880"]
[WhiteElo "2517"]
[BlackElo "2165"]
[Result "0-1"]
[Round "06"]
[TimeControl "180+2"]
[Date "2023.02.07"]
[WhiteClock "0:00:09"]
[BlackClock "0:00:18"]

1. d4 Nf6 2. c4 Nc6 3. Nc3 e5 4. d5 Ne7 5. h4 Neg8 6. e4 Bc5 7. Bd3 a6 8. Qe2 d6 9. f3 Nh5 10. g4 Ng3 11. Qg2 Nxh1 12. Qxh1 Bxg1 13. Qxg1 Qxh4+ 14. Kd1 h5 15. g5 Ne7 16. Be3 Ng6 17. Ne2 Qh3 18. Qf2 Qh1+ 19. Ng1 Nf4 20. Kc2 Qg2 21. Rf1 Qxf2+ 22. Rxf2 Nxd3 23. Kxd3 g6 24. f4 exf4 25. Bd4 O-O 26. Rxf4 Bg4 27. Nf3 Bxf3 28. Rxf3 c5 29. Bf6 Rfe8 30. Re3 b5 31. b3 bxc4+ 32. bxc4 Rab8 33. e5 dxe5 34. Ke4 Rb2 35. d6 Rd2 36. Rd3 Rxd3 37. Kxd3 Re6 38. Bxe5 Kf8 39. Ke4 Ke8 40. Kd5 Kd7 41. Bf4 h4 42. Kxc5 Re4 43. Bh2 Re2 44. Bf4 Rf2 45. Be5 Rf5 46. Kd4 Rxe5 47. Kxe5 h3 48. c5 h2 49. Kf6 h1=Q 50. Kxf7 Qe4 51. Kg7 Qf5 0-1


[Site "https://www.chess.com"]

[Event "Titled Tuesday Blitz February 07 Early 2023"]
[White "Ezat, Mohamed"]
[Black "Oro, Faustino"]
[WhiteFideId "10600906"]
[BlackFideId "20000197"]
[WhiteElo "2402"]
[BlackElo "2269"]
[Result "0-1"]
[Round "06"]
[TimeControl "180+2"]
[Date "2023.02.07"]
[WhiteClock "0:00:05"]
[BlackClock "0:00:07"]

1. d4 Nf6 2. c4 e6 3. Nc3 d5 4. cxd5 exd5 5. Bg5 Be7 6. e3 O-O 7. Bd3 Re8 8. Nge2 h6 9. Bxf6 Bxf6 10. O-O c6 11. b4 Nd7 12. Na4 Nf8 13. b5 Qa5 14. bxc6 bxc6 15. Rc1 Bd7 16. Nc5 Bg4 17. Qc2 Rab8 18. Nb3 Qa3 19. h3 Bh5 20. Nf4 Bg6 21. Nxg6 fxg6 22. Bxg6 Nxg6 23. Qxg6 Qxa2 24. Nc5 Re7 25. Nd3 Qa4 26. Nf4 Rf8 27. Nh5 a5 28. Rc5 Ref7 29. Rfc1 Qa2 30. Rxc6 Bh4 31. R6c2 Qa3 32. g3 Be7 33. Rc8 Qb2 34. R1c2 Qb1+ 35. Kg2 Rxf2+ 36. Rxf2 Qxg6 37. Rfxf8+ Bxf8 38. Nf4 Qe4+ 39. Kf2 a4 40. Ra8 Qc2+ 41. Kf3 Qe4+ 42. Kf2 a3 43. h4 Kf7 44. g4 Be7 45. Ke2 Bxh4 46. Nd3 Bf6 47. Ra7+ Kg6 48. Rxa3 Qxg4+ 49. Kd2 Qg2+ 50. Kc3 Qe4 51. Kd2 h5 52. Ra5 h4 53. Rxd5 Qg2+ 54. Kc3 Qa2 55. Nf4+ Kf7 56. Rd7+ Ke8 57. Rd5 Qa3+ 58. Kd2 Qb2+ 59. Kd3 Qb3+ 0-1


[Site "https://www.chess.com"]

[Event "Titled Tuesday Blitz February 07 Early 2023"]
[White "Costachi, Mihnea"]
[Black "Leenhouts, Koen"]
[WhiteFideId "1217518"]
[BlackFideId "1008439"]
[WhiteElo "2476"]
[BlackElo "2447"]
[Result "1-0"]
[Round "06"]
[TimeControl "180+2"]
[Date "2023.02.07"]
[WhiteClock "0:00:05"]
[BlackClock "0:00:06"]

1. Nc3 d5 2. d4 Nf6 3. Bf4 a6 4. e3 Bf5 5. f3 h6 6. g4 Bh7 7. h4 e6 8. Bd3 Bxd3 9. Qxd3 c5 10. dxc5 Bxc5 11. Nge2 Nc6 12. O-O-O Qa5 13. Kb1 O-O-O 14. Nd4 Nxd4 15. exd4 Bd6 16. Bxd6 Rxd6 17. g5 Nd7 18. g6 f6 19. Ne2 Kb8 20. Nf4 Rc8 21. Nh5 Rdc6 22. Nxg7 Rxc2 23. Nxe6 Qb6 24. Qxc2 Rxc2 25. Kxc2 Qxe6 26. Rhg1 f5 27. Rde1 Qc6+ 28. Kb1 Nf6 29. g7 Ng8 30. Re5 Qb5 31. Rge1 Ka7 32. Re8 Nf6 33. Rf8 Qd3+ 34. Ka1 Qd2 35. Rb1 Qg2 36. Rxf6 Qxg7 37. Rxf5 Qxd4 38. a3 a5 39. h5 a4 40. Rc1 Qd2 41. Rg1 d4 42. Rd5 d3 43. f4 Qc2 44. f5 d2 45. Rb1 Qe4 46. Rxd2 Qxf5 47. Rbd1 Qxh5 48. Rd5 Qe2 49. R5d4 Qc2 50. Re1 h5 51. Rh1 Kb6 52. Rb4+ Ka7 53. Rbh4 Qb3 54. Rxh5 b5 55. Rh7+ Ka6 56. R1h6+ Ka5 57. Ra7# 1-0


[Site "https://www.chess.com"]

[Event "Titled Tuesday Blitz February 07 Early 2023"]
[White "Brilej, Jaka"]
[Black "Dehtiarov, Roman"]
[WhiteFideId "14618818"]
[BlackFideId "14186640"]
[WhiteElo "2321"]
[BlackElo "2289"]
[Result "0-1"]
[Round "06"]
[TimeControl "180+2"]
[Date "2023.02.07"]
[WhiteClock "0:00:15"]
[BlackClock "0:00:31"]

1. d4 Nf6 2. c4 e6 3. Nc3 Bb4 4. Bd2 O-O 5. Nf3 c5 6. dxc5 Bxc5 7. e3 b6 8. Bd3 Bb7 9. O-O Be7 10. Qe2 d6 11. Rad1 Nbd7 12. Bb1 a6 13. e4 Qc7 14. b3 Rac8 15. Rfe1 Rfd8 16. Bf4 e5 17. Bd2 Nf8 18. g3 Ne6 19. Nd5 Bxd5 20. exd5 Nf8 21. Bg5 Ng6 22. Nd2 Ne8 23. Bxe7 Qxe7 24. h4 Nf8 25. f4 Nd7 26. Nf3 g6 27. fxe5 dxe5 28. Nxe5 Qd6 29. Nxd7 Qxg3+ 30. Qg2 Qxg2+ 31. Kxg2 Rxd7 32. Re3 Nd6 33. Rde1 b5 34. cxb5 axb5 35. Re7 Rxe7 36. Rxe7 Rc1 37. Bd3 Rd1 38. Rd7 Rd2+ 39. Kg1 Rxd3 40. Rxd6 Kf8 41. Rd8+ Ke7 42. Rh8 h5 43. Rb8 Rxd5 44. a4 bxa4 45. bxa4 Rd4 46. a5 Rxh4 47. a6 Ra4 48. Rb7+ Kf6 49. a7 h4 50. Kg2 Ra3 51. Rb6+ Kg7 52. Rb7 g5 53. Rb5 f6 54. Rb7+ Kg6 55. Kh2 g4 56. Kg2 Ra2+ 57. Kf1 0-1


[Site "https://www.chess.com"]

[Event "Titled Tuesday Blitz February 07 Early 2023"]
[White "Kleiman, Jake"]
[Black "Weetik, Vjacheslav"]
[WhiteFideId "2020041"]
[BlackFideId "4153472"]
[WhiteElo "2399"]
[BlackElo "2423"]
[Result "0-1"]
[Round "06"]
[TimeControl "180+2"]
[Date "2023.02.07"]
[WhiteClock "0:00:25"]
[BlackClock "0:00:12"]

1. e4 c6 2. d3 d5 3. Qe2 g6 4. Nf3 Bg7 5. g3 Nf6 6. Bg2 O-O 7. O-O Bg4 8. Nbd2 e5 9. h3 Bxf3 10. Nxf3 dxe4 11. dxe4 Nbd7 12. a4 a5 13. Bd2 Qc7 14. Bc3 Rfe8 15. Rfd1 Nc5 16. Nd2 Nfd7 17. Nc4 Bf8 18. b3 b6 19. Rd2 Rad8 20. Rad1 Bh6 21. Rd6 Bf8 22. R6d2 Bh6 23. Ne3 Ne6 24. Rd3 Bg7 25. Nc4 Nd4 26. Bxd4 exd4 27. f4 b5 28. Nb2 Nc5 29. R3d2 Nxe4 30. Bxe4 f5 31. axb5 fxe4 32. Qc4+ Kh8 33. bxc6 Rd6 34. Na4 Rxc6 35. Qb5 Rb8 36. Qd5 e3 37. Re2 Rc8 38. Rxd4 Rxc2 39. Rxe3 Bxd4 40. Qxd4+ Qg7 41. Qxg7+ Kxg7 42. Nb6 R8c5 43. Nd7 Rd5 0-1


[Site "https://www.chess.com"]